 Dungeon Crawl Stone Soup version 0.28-a0-595-g9f6c0e134a (webtiles) character file.

Game seed: 3152132115479744561

5144 sleeves the Cleaver (level 10, -5/80 HPs)
             Began as a Deep Dwarf Gladiator on Oct 5, 2021.
             Was a Follower of Elyvilon.
             Slain by a tengu warrior (21 damage)
             ... on level 8 of the Dungeon.
             The game lasted 00:18:15 (6485 turns).

sleeves the Cleaver (Deep Dwarf Gladiator)          Turns: 6485, Time: 00:18:16

Health: -5/80      AC:  8    Str: 20    XL:     10   Next: 33%
Magic:  10/10      EV: 16    Int:  9    God:    Elyvilon [*.....]
Gold:   256        SH:  5    Dex: 15    Spells: 9/9 levels left

rFire   . . .      SeeInvis .   K - +0 broad axe (flame)
rCold   . . .      Faith    .   A - +0 buckler
rNeg    . . .      Spirit   .   C - +3 leather armour
rPois   +          Reflect  .   c - +0 helmet
rElec   .          Harm     .   (no cloak)
rCorr   .          Rampage  .   y - +0 pair of gloves
Will    +....                   (no boots)
Stlth   +.........              J - amulet of magic regeneration
HPRegen 0.00/turn               M - +4 ring of evasion
MPRegen 0.37/turn               I - ring of poison resistance

@: very slightly contaminated, invisible
A: damage resistance, heal wounds, sense surroundings 2, no regeneration
a: Heal Wounds, Renounce Religion, Lesser Healing, Divine Protection


You were on level 8 of the Dungeon.
You worshipped Elyvilon.
Elyvilon was aware of your devotion.
You visited 2 branches of the dungeon, and saw 9 of its levels.

You collected 256 gold pieces.

Inventory:

Hand Weapons
 a - a +0 war axe
 K - a +0 broad axe of flaming (weapon)
   (You took it off Maggie on level 6 of the Dungeon)
Missiles
 d - a throwing net
 k - 429 stones
 q - 66 poisoned darts
 v - 4 boomerangs (quivered)
 Q - a curare-tipped dart
Armour
 c - a +0 helmet (worn)
 y - a +0 pair of gloves (worn)
   (You found it on level 4 of the Dungeon)
 A - a +0 buckler (worn)
   (You found it on level 4 of the Dungeon)
 C - a +3 leather armour (worn)
   (You found it on level 4 of the Dungeon)
 L - +0 steam dragon scales
   (You took it off Maggie on level 6 of the Dungeon)
 P - a +0 pair of boots
   (You found it on level 7 of the Dungeon)
Jewellery
 j - a ring of fire
   (You found it on level 1 of the Dungeon)
 o - a ring of magical power
   (You found it on level 2 of the Dungeon)
 r - a ring of ice
   (You took it off a goblin on level 2 of the Dungeon)
 F - a +6 ring of intelligence
   (You found it on level 5 of the Dungeon)
 I - a ring of poison resistance (right hand)
   (You found it on level 5 of the Dungeon)
 J - an amulet of magic regeneration (around neck)
   (You found it on level 5 of the Dungeon)
 M - a +4 ring of evasion (left hand)
   (You found it on level 5 of the Dungeon)
Wands
 x - a wand of acid (3)
   (You found it on level 3 of the Dungeon)
 z - a wand of flame (16)
   (You found it on level 4 of the Dungeon)
 D - a wand of iceblast (2)
   (You found it on level 4 of the Dungeon)
 N - a wand of digging (2)
   (You found it on level 6 of the Dungeon)
Scrolls
 g - 2 scrolls of noise {unknown}
 i - 3 scrolls of enchant weapon {unknown}
 l - a scroll of immolation {unknown}
 p - 3 scrolls of brand weapon {unknown}
 t - a scroll of blinking {unknown}
 u - a scroll of identify {unknown}
 w - 2 scrolls of fog {unknown}
 B - a scroll of acquirement {unknown}
 G - 4 scrolls of teleportation {unknown}
Potions
 b - 2 potions of degeneration {unknown}
 e - a potion of might
 f - 2 potions of cancellation {unknown}
 m - 3 potions of heal wounds {unknown}
 n - 7 potions of curing {unknown}
 s - 2 potions of haste {unknown}
 E - 3 potions of mutation {unknown}
 H - 2 potions of flight {unknown}
 O - 2 potions of brilliance {unknown}


   Skills:
 - Level 1.7 Fighting
 + Level 12.8 Axes
 + Level 5.8 Throwing
 - Level 3.2 Dodging
 - Level 4.0 Shields
 + Level 5.2 Invocations
 + Level 7.8 Evocations


You had 9 spell levels left.
You didn't know any spells.
Your spell library contained the following spells:

 Spells                   Type           Power      Damage    Failure   Level
 Animate Skeleton         Necr           0%         N/A       43%         1
 Pain                     Necr           0%         1d4       43%         1
 Slow                     Hex            0%         N/A       58%         2
 Confusing Touch          Hex            0%         N/A       82%         3
 Vampiric Draining        Necr           0%         2d6       82%         3
 Fireball                 Conj/Fire      0%         3d3       100%        5
 Iskenderun's Battlesphe  Conj           0%         2d6       100%        5
 Yara's Violent Unravell  Hex/Tmut       0%         3d3       100%        5
 Conjure Ball Lightning   Conj/Air       0%         3x3d6     100%        6
 Orb of Destruction       Conj           0%         N/A       100%        7


Dungeon Overview and Level Annotations

Branches:
Dungeon (8/15)             Temple (1/1) D:7
   Lair: D:8-11

Altars:
Ashenzari
Cheibriados
Dithmenos
Elyvilon
Fedhas
Gozag
Hepliaklqana
Kikubaaqudgha
Makhleb
Nemelex Xobeh
Okawaru
Qazlal
Ru
Sif Muna
Trog
Uskayaw
Wu Jian
Yredelemnul
Zin
The Shining One

Shops:
D:7 *

Annotations:
D:3 2 exclusions
D:5 exclusion: 3 doors
D:7 1 runed translucent door


Innate Abilities, Weirdness & Mutations

You are resistant to damage.
You can heal yourself by infusing magical energy.
You passively map the area around you.
You do not regenerate.


Message History

A kobold skeleton is nearby!
A kobold skeleton is nearby!
Found a basalt altar of Yredelemnul.
You hit the kobold skeleton. You burn the kobold skeleton.
The kobold skeleton is severely damaged.
You slash the kobold skeleton! You burn the kobold skeleton.
You destroy the kobold skeleton!
No target in view!
No target in view!
No target in view!
No target in view!
No target in view!
You see here a scorpion corpse.
There is an open door, spattered with blood here.
You see here a hound corpse.
k - 373 stones (gained 27)
A bullfrog skeleton comes into view.
A bullfrog skeleton is nearby!
A bullfrog skeleton is nearby!
A bullfrog skeleton is nearby!
The bullfrog skeleton closely misses you.
You barely miss the bullfrog skeleton.
You block the bullfrog skeleton's attack.
You barely miss the bullfrog skeleton.
The bullfrog skeleton completely misses you.
The bullfrog skeleton hits you but does no damage.
You slice the bullfrog skeleton!! You burn the bullfrog skeleton.
The bullfrog skeleton is almost destroyed.
The bullfrog skeleton closely misses you.
You hit the bullfrog skeleton but do no damage.
The bullfrog skeleton is almost destroyed.
You block the bullfrog skeleton's attack.
You slash the bullfrog skeleton! You burn the bullfrog skeleton.
You destroy the bullfrog skeleton!
No target in view!
No target in view! 4 kobolds and a kobold brigand come into view.
The kobold brigand is wielding a +0 club and quivering poisoned darts.
The kobold shouts! x2; You hear a shout!
The kobold shouts!
The kobold brigand shouts!
There are monsters nearby!
There are monsters nearby!
You hit the kobold. You burn the kobold.
You kill the kobold!
The kobold completely misses you.
Things that are here:
a +0 whip; 2 stones; a kobold corpse You closely miss the kobold.
The kobold hits you but does no damage.
You hit the kobold. You burn the kobold.
You kill the kobold!
You hit the kobold brigand but do no damage.
You block the kobold brigand's attack.
You barely miss the kobold brigand.
A kobold comes into view.
It is wielding a +0 dagger and quivering poisoned darts.
You block the kobold brigand's attack.
You hit the kobold brigand. You burn the kobold brigand.
The kobold brigand is moderately wounded.
You block the kobold brigand's attack.
You hit the kobold brigand. You burn the kobold brigand.
The kobold brigand is heavily wounded.
The kobold brigand barely misses you.
You barely miss the kobold brigand.
The kobold brigand is heavily wounded.
A kobold comes into view. It is wielding a +0 whip.
The kobold brigand barely misses you.
The kobold shouts!
You slash the kobold brigand! You burn the kobold brigand.
The kobold brigand is almost dead.
The kobold brigand closely misses you.
You completely miss the kobold brigand.
The kobold brigand is almost dead.
The kobold brigand hits you with a +0 club.
You slash the kobold brigand! You burn the kobold brigand.
You kill the kobold brigand!
Your Throwing skill increases to level 4!
Your Evocations skill increases to level 5!
You barely miss the kobold. The kobold hits you with a +0 club.
You closely miss the kobold. The kobold hits you but does no damage.
You closely miss the kobold. The kobold hits you but does no damage.
You slash the kobold! You burn the kobold.
You kill the kobold!
You hit the kobold. You burn the kobold.
You kill the kobold!
The kobold throws a poisoned dart.
The poisoned dart barely misses you. You block the kobold's attack.
Items here: (( )))) †††.
You closely miss the kobold. The kobold closely misses you.
You closely miss the kobold. The kobold hits you but does no damage.
You hit the kobold but do no damage. The kobold completely misses you.
You barely miss the kobold. The kobold closely misses you.
You hit the kobold. You burn the kobold.
The kobold is severely wounded.
The kobold barely misses you.
You closely miss the kobold.
The kobold is severely wounded.
The kobold barely misses you.
You barely miss the kobold.
The kobold is severely wounded.
The kobold hits you but does no damage.
You slash the kobold! You burn the kobold.
You kill the kobold!
You hit the kobold. You burn the kobold.
The kobold is severely wounded.
You block the kobold's attack.
You hit the kobold but do no damage.
The kobold is severely wounded.
The kobold hits you with a +0 whip.
A kobold is nearby!
A kobold is nearby!
A kobold is nearby!
A kobold is nearby!
You slash the kobold! You burn the kobold.
You kill the kobold!
No target in view!
No target in view!
No target in view!
No target in view!
No target in view!
k - 378 stones (gained 5);
q - 38 poisoned darts (gained 5)
Items here: )))) †††.
q - 42 poisoned darts (gained 4)
Things that are here:
a +0 whip; a +0 dagger; a kobold corpse
Items here: )))) †††.
k - 380 stones (gained 2)
Things that are here:
a +0 whip; a kobold corpse
Items here: )))) †††.
Things that are here:
a +0 whip; a +0 dagger; a kobold corpse
O - a smoky emerald potion
Found a rapier.
You see here a +0 rapier.
As you open the door, it creaks loudly!
There is an open door here.
There is an open door here.
A bullfrog comes into view.
Found 10 stones.
The bullfrog gives a loud, deep croak!
You hear a shout! x3
A kobold comes into view. It is wielding a +0 short sword.
A kobold brigand comes into view.
It is wielding a +0 short sword and quivering poisoned darts.
There are monsters nearby!
There are monsters nearby!
A kobold comes into view.
It is wielding a +0 club and quivering poisoned darts.
The kobold shouts!
A kobold comes into view. It is wielding a +2 dagger of speed.
You closely miss the bullfrog.
The bullfrog hits you but does no damage.
The bullfrog closely misses you.
You slash the bullfrog! You burn the bullfrog.
You kill the bullfrog!
You barely miss the kobold brigand. You closely miss the kobold brigand.
You closely miss the kobold.
The kobold brigand hits you but does no damage.
The kobold barely misses you.
You closely miss the kobold brigand. You closely miss the kobold.
The kobold brigand hits you but does no damage.
The kobold hits you but does no damage.
You hit the kobold brigand. You burn the kobold brigand.
The kobold brigand is lightly wounded.
You closely miss the kobold. You block the kobold's attack.
You closely miss the kobold brigand.
The kobold brigand is lightly wounded.
You closely miss the kobold. The kobold brigand misses you.
The kobold barely misses you.
You hit the kobold brigand. You burn the kobold brigand.
The kobold brigand is heavily wounded.
You slash the kobold! You burn the kobold.
You kill the kobold!
You hit the kobold. You burn the kobold.
You kill the kobold!
The kobold brigand misses you.
You slash the kobold brigand! You burn the kobold brigand.
The kobold brigand is severely wounded.
You closely miss the kobold.
The kobold brigand hits you but does no damage.
You block the kobold's attack.
You completely miss the kobold brigand.
The kobold brigand is severely wounded.
You closely miss the kobold. The kobold hits you but does no damage.
The kobold brigand hits you but does no damage.
You block the kobold's attack.
You hit the kobold brigand but do no damage.
The kobold brigand is severely wounded.
You closely miss the kobold.
The kobold brigand hits you with a +0 short sword.
The kobold closely misses you.
You slash the kobold brigand! You burn the kobold brigand.
You kill the kobold brigand!
You miss the kobold. The kobold hits you but does no damage.
The kobold closely misses you.
You slash the kobold! You burn the kobold.
You kill the kobold!
No target in view!
No target in view!
No target in view!
No target in view!
No target in view!
No target in view!
No target in view!
No target in view!
No target in view!
No target in view!
No target in view!
No target in view!
No target in view!
q - 47 poisoned darts (gained 5)
Things that are here:
a +2 dagger of speed; a +0 club
k - 390 stones (gained 10)
You see here a +0 short sword.
q - 52 poisoned darts (gained 5)
You see here a +0 short sword.
Found Ocrit's Assorted Antiques.
Found a stone staircase leading up.
Found a stone staircase leading down.
There is a stone staircase leading up here.
There is an entrance to Ocrit's Assorted Antiques here.
O - 2 smoky emerald potions (gained 1)
p - 3 scrolls labelled QAIDAOSTIORGH (gained 1)
k - 407 stones (gained 17)
You now have 231 gold pieces (gained 18).
Found a hand axe.
f - 2 red potions (gained 1)
P - a +0 pair of boots
Found a ring mail.
A wyvern comes into view.
A wyvern is nearby!
A wyvern is nearby!
The wyvern hisses angrily.
Throw: 52 darts (poison)
Press: ? - help, Q - select action, (/) - cycle Shift-Dir - straight line, f - wyvern
Aim: a wyvern (60% to hit)
You throw a poisoned dart. The poisoned dart hits the wyvern.
The wyvern is poisoned.
Throw: 51 darts (poison)
Press: ? - help, Q - select action, (/) - cycle Shift-Dir - straight line, f/p - wyvern
Aim: a wyvern (poisoned, 60% to hit)
You throw a poisoned dart.
The poisoned dart closely misses the wyvern.
The wyvern bites you.
Drop what? 42/52 slots (_ for help) (? for menu, Esc to quit)
Okay, then.
Throw: 2 throwing nets
Press: ? - help, Q - select action, (/) - cycle Shift-Dir - straight line, f/p - wyvern
Aim: a wyvern (lightly wounded, poisoned, 60% to hit)
You throw a throwing net. The throwing net hits the wyvern.
The wyvern is caught in the net!
The wyvern is lightly wounded.
The wyvern struggles against the net.
You hit the wyvern but do no damage.
The wyvern is lightly wounded.
The wyvern struggles against the net.
You catch the helpless wyvern completely off-guard!
You slice the wyvern!! You burn the wyvern.
You kill the wyvern!
Your Axes skill increases to level 12!
d - 2 throwing nets (gained 1)
You see here a wyvern corpse.
q - 51 poisoned darts (gained 1)
q - 52 poisoned darts (gained 1)
Found a staircase to the Ecumenical Temple.
n - 6 fizzy red potions (gained 1)
k - 429 stones (gained 22)
A hound comes into view.
The hound barks!
A hound is nearby!
You swing at nothing.
You swing at nothing.
You barely miss the hound. The hound closely misses you.
You slash the hound! You burn the hound.
The hound is severely wounded.
You block the hound's attack. The hound bites you.
You barely miss the hound.
The hound is severely wounded.
The hound barely misses you.
You barely miss the hound.
The hound is severely wounded.
The hound misses you. The hound bites you but does no damage.
You slash the hound! You burn the hound.
You kill the hound!
You swing at nothing.
(D) Dungeon (T) Temple
Where to? (Enter - D:7, ? - help)
You see here a +0 hand axe.
You see here a wyvern corpse.
There is a staircase to the Ecumenical Temple here.
You climb downwards.
Welcome to the Ecumenical Temple!
There is a staircase back to the Dungeon here.
Found a sparkling altar of Nemelex Xobeh and a sacrificial altar of Ru.
Found a shadowy altar of Dithmenos.
Found a snail-covered altar of Cheibriados.
Found a white marble altar of Elyvilon.
Found an opulent altar of Gozag.
Found an ornate altar of the Wu Jian Council.
Found a hide-covered altar of Uskayaw.
Found a bloodstained altar of Trog.
Found a glowing silver altar of Zin.
Key pressed, stopping explore.
There is a bloodstained altar of Trog here.
Done exploring.
Done exploring.
Done exploring.
Done exploring.
Done exploring.
Done exploring.
Done exploring.
Done exploring.
Done exploring.
Done exploring.
Done exploring.
Done exploring.
Done exploring.
Done exploring.
Done exploring.
Done exploring.
Done exploring.
Done exploring.
Search for what [Enter for "armor", or ? for help]? ely
There is a fountain of clear blue water here.
There is a fountain of clear blue water here.
There is a white marble altar of Elyvilon here.
You kneel at the altar of Elyvilon.
Elyvilon welcomes you!
(D) Dungeon (T) Temple
Where to? (Enter - Temple @ (x,y), ? - help)
There is a fountain of clear blue water here.
There is a staircase back to the Dungeon here.
You climb upwards.
Welcome back to the Dungeon!
Level annotation: 1 runed translucent door
There is a staircase to the Ecumenical Temple here.
Unknown command.
Joseph, a Mercenary comes into view.
He is wielding a +2 quarterstaff of draining.
Joseph unwields a +2 quarterstaff of draining.
Joseph wields a +0 hunting sling.
Joseph shoots a sling bullet.
The sling bullet hits you.
Joseph is nearby!
Joseph is nearby!
Joseph is nearby!
Joseph unwields a +0 hunting sling.
Joseph wields a +2 quarterstaff of draining.
You sense an unholy aura.
Joseph hits you with a +2 quarterstaff of draining!
You feel drained.
Okay, then.
Throw: 52 darts (poison)
Press: ? - help, Q - select action, (/) - cycle Shift-Dir - straight line, f - Joseph
Aim: Joseph, wielding a +2 quarterstaff of draining, wearing a +0 leather armour and quivering sling bullets (60% to hit)
You throw a poisoned dart. The poisoned dart hits Joseph.
Joseph is poisoned.
Joseph closely misses you.
Throw: 51 darts (poison)
Press: ? - help, Q - select action, (/) - cycle Shift-Dir - straight line, f/p - Joseph
Aim: Joseph, wielding a +2 quarterstaff of draining, wearing a +0 leather armour and quivering sling bullets (poisoned, 60% to hit)
You throw a poisoned dart. The poisoned dart hits Joseph.
Joseph looks even sicker.
Joseph barely misses you.
Throw: 50 darts (poison)
Press: ? - help, Q - select action, (/) - cycle Shift-Dir - straight line, f/p - Joseph
Aim: Joseph, wielding a +2 quarterstaff of draining, wearing a +0 leather armour and quivering sling bullets (very poisoned, 60% to hit)
You throw a poisoned dart.
The poisoned dart completely misses Joseph.
Joseph hits you with a +2 quarterstaff of draining.
You feel drained.
Throw: 49 darts (poison)
Press: ? - help, Q - select action, (/) - cycle Shift-Dir - straight line, f/p - Joseph
Aim: Joseph, wielding a +2 quarterstaff of draining, wearing a +0 leather armour and quivering sling bullets (lightly wounded, very poisoned, 60% to hit)
You throw a poisoned dart. The poisoned dart hits Joseph.
Joseph is lightly wounded.
Throw: 48 darts (poison)
Press: ? - help, Q - select action, (/) - cycle Shift-Dir - straight line, f/p - Joseph
Aim: Joseph, wielding a +2 quarterstaff of draining, wearing a +0 leather armour and quivering sling bullets (lightly wounded, very poisoned, 60% to hit)
You throw a poisoned dart. The poisoned dart hits Joseph.
Joseph looks even sicker.
Joseph is lightly wounded.
Joseph hits you with a +2 quarterstaff of draining.
You feel drained.
Throw: 47 darts (poison)
Press: ? - help, Q - select action, (/) - cycle Shift-Dir - straight line, f/p - Joseph
Aim: Joseph, wielding a +2 quarterstaff of draining, wearing a +0 leather armour and quivering sling bullets (lightly wounded, very poisoned, 60% to hit)
You throw a poisoned dart. The poisoned dart hits Joseph.
Joseph looks as sick as possible!
Joseph is lightly wounded.
Joseph hits you with a +2 quarterstaff of draining!
* * * LOW HITPOINT WARNING * * *
You feel drained.
* * * LOW HITPOINT WARNING * * *
Throw: 2 throwing nets
Press: ? - help, Q - select action, (/) - cycle Shift-Dir - straight line, f/p - Joseph
Aim: Joseph, wielding a +2 quarterstaff of draining, wearing a +0 leather armour and quivering sling bullets (lightly wounded, extremely poisoned, 60% to hit)
You throw a throwing net. The throwing net hits Joseph.
Joseph is caught in the net!
Joseph is lightly wounded.
Joseph says, "The best offense is a good offense."
Joseph struggles against the net.
You hit Joseph but do no damage.
Joseph is lightly wounded.
Joseph struggles against the net.
You barely miss Joseph.
Joseph is lightly wounded.
Joseph struggles against the net.
You slash Joseph! You burn Joseph.
Joseph is heavily wounded.
Joseph struggles against the net.
You slash Joseph! You burn Joseph.
Joseph is severely wounded.
Joseph struggles against the net.
The net rips apart, and Joseph comes free!
You slash Joseph! You burn Joseph.
Joseph is almost dead.
You block Joseph's attack.
You closely miss Joseph.
Joseph is almost dead.
Joseph closely misses you.
You hit Joseph. You burn Joseph.
Joseph is almost dead.
Joseph hits you with a +2 quarterstaff of draining.
* * * LOW HITPOINT WARNING * * *
You feel drained.
You completely miss Joseph.
Joseph is almost dead.
Joseph hits you but does no damage.
You feel drained.
You slash Joseph! You burn Joseph.
You kill Joseph!
Your life force feels restored.
Your Invocations skill increases to level 1!
Your Evocations skill increases to level 6!
q - 52 poisoned darts (gained 6)
Items here: ( )) [ †.
Okay, then.
You feel much better.
You open the door.
There is an open door here.
A bullfrog comes into view.
The bullfrog croaks.
The bullfrog moves out of view.
A bullfrog is nearby!
A bullfrog is nearby!
The bullfrog hits you but does no damage.
You slash the bullfrog! You burn the bullfrog.
The bullfrog is almost dead.
The bullfrog barely misses you. x2
You barely miss the bullfrog.
The bullfrog is almost dead.
The bullfrog barely misses you.
You slash the bullfrog! You burn the bullfrog.
You kill the bullfrog!
Your Invocations skill increases to level 2!
No target in view!
No target in view!
No target in view!
No target in view!
No target in view!
No target in view!
You see here a bullfrog corpse.
Done exploring.
Done exploring.
Done exploring.
Done exploring.
No target in view!
Done exploring.
Done exploring.
(D) Dungeon (T) Temple
Where to? (Enter - D:7, ? - help)
There is a stone staircase leading down here.
You climb downwards.
You hear the hiss of flowing sand.
There is an entrance to an ossuary on this level.
Hurry and find it before the portal is buried!
The water moccasin hisses angrily.
Found a morningstar and 12 gold pieces.
There is a stone staircase leading up here.
Throw: 4 boomerangs
Press: ? - help, Q - select action, (/) - cycle Shift-Dir - straight line, f - water moccasin
Aim: a water moccasin (42% to hit)
You throw a boomerang.
The boomerang closely misses the water moccasin.
Throw: 4 boomerangs
Press: ? - help, Q - select action, (/) - cycle Shift-Dir - straight line, f/p - water moccasin
Aim: a water moccasin (42% to hit)
You throw a boomerang.
The boomerang misses the water moccasin.
Throw: 4 boomerangs
Press: ? - help, Q - select action, (/) - cycle Shift-Dir - straight line, f/p - water moccasin
Aim: a water moccasin (42% to hit)
You throw a boomerang.
The boomerang misses the water moccasin.
Throw: 4 boomerangs
Press: ? - help, Q - select action, (/) - cycle Shift-Dir - straight line, f/p - water moccasin
Aim: a water moccasin (42% to hit)
You throw a boomerang. The boomerang hits the water moccasin!
The water moccasin is moderately wounded.
The water moccasin misses you.
You slash the water moccasin! You burn the water moccasin.
You kill the water moccasin!
You see here a water moccasin corpse.
You now have 243 gold pieces (gained 12).
A water moccasin comes into view.
The water moccasin hisses angrily.
Throw: 4 boomerangs
Press: ? - help, Q - select action, (/) - cycle Shift-Dir - straight line, f - water moccasin
Aim: a water moccasin (42% to hit)
You throw a boomerang. The boomerang hits the water moccasin!
The water moccasin is moderately wounded.
Throw: 4 boomerangs
Press: ? - help, Q - select action, (/) - cycle Shift-Dir - straight line, f/p - water moccasin
Aim: a water moccasin (moderately wounded, 42% to hit)
You throw a boomerang.
The boomerang barely misses the water moccasin.
Throw: 4 boomerangs
Press: ? - help, Q - select action, (/) - cycle Shift-Dir - straight line, f/p - water moccasin
Aim: a water moccasin (moderately wounded, 42% to hit)
You throw a boomerang. The boomerang hits the water moccasin.
The water moccasin is heavily wounded.
You slash the water moccasin! You burn the water moccasin.
The water moccasin is almost dead.
The water moccasin barely misses you. You block the water moccasin's attack.
You miss the water moccasin.
The water moccasin is almost dead.
The water moccasin bites you but does no damage.
You slash the water moccasin! You burn the water moccasin.
You kill the water moccasin!
Magic restored.
A centaur zombie comes into view.
A centaur zombie is nearby!
A centaur zombie is nearby!
A centaur zombie is nearby!
Throw: 4 boomerangs
Press: ? - help, Q - select action, (/) - cycle Shift-Dir - straight line, f - centaur zombie
Aim: a centaur zombie (90% to hit)
Okay, then.
You hit the centaur zombie. You burn the centaur zombie.
The centaur zombie is lightly damaged.
The centaur zombie misses you.
The centaur zombie kicks you but does no damage.
You slash the centaur zombie! You burn the centaur zombie.
The centaur zombie is heavily damaged.
You block the centaur zombie's attack. The centaur zombie barely misses you.
A yak comes into view.
The yak bellows!
You hit the centaur zombie. You burn the centaur zombie.
The centaur zombie is heavily damaged.
You hear a shout!
You hear an angry hiss.
You hear a loud, deep croak!
The centaur zombie hits you.
The centaur zombie kicks you but does no damage.
You barely miss the yak. You completely miss the yak. The yak gores you.
You completely miss the yak.
A bullfrog comes into view.
The yak gores you.
An orc wizard comes into view. It is wielding a +0 dagger.
You closely miss the yak. The yak closely misses you.
You slice the yak!! You burn the yak!
The yak is severely wounded.
You completely miss the bullfrog. The bullfrog barely misses you.
The bullfrog hits you but does no damage.
A wyvern zombie comes into view.
The yak gores you!
You hit the yak. You burn the yak.
The yak is almost dead.
You hit the bullfrog. You burn the bullfrog. The bullfrog closely misses you.
The yak gores you!
You slash the yak! You burn the yak.
You kill the yak!
You slash the bullfrog! You burn the bullfrog. The bullfrog misses you.
You block the bullfrog's attack.
The centaur zombie hits you but does no damage.
You block the centaur zombie's attack.
Your Throwing skill increases to level 5!
Your Invocations skill increases to level 3!
You slice the centaur zombie!! You burn the centaur zombie.
You destroy the centaur zombie!
You hit the bullfrog. You burn the bullfrog.
You kill the bullfrog!
You hit the wyvern zombie. You burn the wyvern zombie.
The wyvern zombie is lightly damaged.
The wyvern zombie closely misses you.
You closely miss the orc wizard.
You hear the slow hiss of a very distant avalanche of sand.
You barely miss the orc wizard. The orc wizard barely misses you.
You hit the orc wizard but do no damage.
The orc wizard hits you but does no damage.
You slash the orc wizard! You burn the orc wizard.
The orc wizard is severely wounded.
The orc wizard hits you with a +0 dagger.
You slash the orc wizard! You burn the orc wizard.
You kill the orc wizard!
You barely miss the wyvern zombie.
The wyvern zombie is lightly damaged.
You block the wyvern zombie's attack.
You slash the wyvern zombie! You burn the wyvern zombie.
The wyvern zombie is heavily damaged.
The wyvern zombie closely misses you. x2
You hit the wyvern zombie. You burn the wyvern zombie.
The wyvern zombie is severely damaged.
The wyvern zombie misses you.
You hit the wyvern zombie. You burn the wyvern zombie.
The wyvern zombie is severely damaged.
The wyvern zombie barely misses you.
You slash the wyvern zombie! You burn the wyvern zombie.
You destroy the wyvern zombie!
A steam dragon comes into view.
Items here: ) [ ††.
You're wearing all the rings you can.
Remove which one? (? for menu, Esc to cancel) < or
M - a +4 ring of evasion; > or
I - a ring of poison resistance You remove your ring of poison resistance.
The steam dragon bites you but does no damage.
The steam dragon claws you but does no damage.
You feel more attuned to fire.
j - a ring of fire (right hand)
You slash the steam dragon! You burn the steam dragon.
The steam dragon is heavily wounded.
The steam dragon barely misses you.
The steam dragon claws you but does no damage.
You closely miss the steam dragon.
The steam dragon is heavily wounded.
The steam dragon breathes steam at you. The ball of steam hits you. You resist.
* * * LOW HITPOINT WARNING * * *
You slash the steam dragon! You burn the steam dragon.
The steam dragon is almost dead.
The steam dragon bites you.
* * * LOW HITPOINT WARNING * * *
The steam dragon closely misses you.
You closely miss the steam dragon.
The steam dragon is almost dead.
The steam dragon closely misses you.
The steam dragon claws you but does no damage.
You block the steam dragon's attack.
The steam dragon claws you but does no damage.
You hit the steam dragon. You burn the steam dragon.
You kill the steam dragon!
You're wearing all the rings you can.
Remove which one? (? for menu, Esc to cancel) < or
M - a +4 ring of evasion; > or
j - a ring of fire You remove your ring of fire.
I - a ring of poison resistance (right hand)
A hornet comes into view.
Found a fizzy red potion and a leather armour.
The hornet buzzes angrily.
A killer bee zombie comes into view.
The killer bee zombie moves out of view.
A centaur comes into view.
There are monsters nearby!
A killer bee comes into view.
The centaur moves out of view.
The killer bee buzzes angrily.
You hear a loud, deep croak!
Throw: 52 darts (poison)
Press: ? - help, Q - select action, (/) - cycle Shift-Dir - straight line, f - hornet
Aim: a hornet (46% to hit)
You throw a poisoned dart.
The poisoned dart barely misses the hornet.
The hornet stings you.
Throw: 51 darts (poison)
Press: ? - help, Q - select action, (/) - cycle Shift-Dir - straight line, f/p - hornet
Aim: a hornet (46% to hit)
You throw a poisoned dart.
The poisoned dart closely misses the hornet.
The hornet barely misses you.
Throw: 50 darts (poison)
Press: ? - help, Q - select action, (/) - cycle Shift-Dir - straight line, f/p - hornet
Aim: a hornet (46% to hit)
You throw a poisoned dart. The poisoned dart hits the hornet!
The hornet is poisoned.
The hornet closely misses you. The killer bee misses you.
The killer bee barely misses you.
Throw: 49 darts (poison)
Press: ? - help, Q - select action, (/) - cycle Shift-Dir - straight line, f/p - hornet
Aim: a hornet (lightly wounded, very poisoned, 46% to hit)
You throw a poisoned dart.
The poisoned dart misses the killer bee.
The poisoned dart hits the hornet!
The hornet looks as sick as possible!
The hornet is lightly wounded.
The killer bee closely misses you.
You hit the killer bee. You burn the killer bee.
The killer bee is moderately wounded.
The killer bee barely misses you. You block the killer bee's attack.
You barely miss the killer bee.
The killer bee is moderately wounded.
The killer bee completely misses you. You block the killer bee's attack.
You barely miss the killer bee.
The killer bee is moderately wounded.
The killer bee stings you.
* * * LOW HITPOINT WARNING * * *
The killer bee stings you.
* * * LOW HITPOINT WARNING * * *
You closely miss the killer bee.
The killer bee is moderately wounded.
The killer bee misses you. The killer bee closely misses you.
You closely miss the killer bee.
The killer bee is moderately wounded.
The killer bee misses you. x2
Throw: 48 darts (poison)
Press: ? - help, Q - select action, (/) - cycle Shift-Dir - straight line, f/p - hornet
Aim: a hornet (almost dead, very poisoned, 46% to hit)
You throw a poisoned dart.
The poisoned dart barely misses the killer bee.
The poisoned dart hits the hornet.
The hornet looks as sick as possible!
The hornet is almost dead.
You hear the slow hiss of a very distant avalanche of sand.
You kill the hornet!
The killer bee stings you. x2
You are poisoned.
The killer bee poisons you!
Your Evocations skill increases to level 7!
You have reached level 10!
Throw: 47 darts (poison)
Press: ? - help, Q - select action, (/) - cycle Shift-Dir - straight line, f - killer bee
Aim: a killer bee (moderately wounded, 31% to hit)
You throw a poisoned dart. The poisoned dart hits the killer bee!
The killer bee is poisoned.
The killer bee is moderately wounded.
You block the killer bee's attack.
You hit the killer bee but do no damage.
The killer bee is moderately wounded.
The killer bee stings you but does no damage.
The killer bee stings you.
* * * LOW HITPOINT WARNING * * *
You are more poisoned.
The killer bee poisons you!
You slash the killer bee! You burn the killer bee.
You kill the killer bee!
Your Invocations skill increases to level 4!
q - 47 poisoned darts (gained 1)
q - 50 poisoned darts (gained 3)
You see here a hornet corpse.
q - 51 poisoned darts (gained 1)
q - 52 poisoned darts (gained 1)
You are no longer poisoned.
You see here a hornet corpse.
Found a scroll labelled BEDODA QICHOUS.
You feel much better.
G - 4 scrolls labelled BEDODA QICHOUS (gained 1)
A six-headed hydra comes into view.
The six-headed hydra roars!
You hear a roar!
You hear a shout!
A six-headed hydra is nearby!
Throw: 4 boomerangs
Press: ? - help, Q - select action, (/) - cycle Shift-Dir - straight line, f - six-headed hydra
Aim: a six-headed hydra (79% to hit)
You throw a boomerang.
The boomerang hits the six-headed hydra.
The six-headed hydra is lightly wounded.
You slice one of the six-headed hydra's heads off!
The flame cauterises the wound!
You slash the five-headed hydra! You burn the five-headed hydra.
The five-headed hydra is moderately wounded.
The five-headed hydra closely misses you.
The five-headed hydra misses you.
The five-headed hydra bites you but does no damage.
The five-headed hydra bites you! x2
You chop one of the five-headed hydra's heads off!
The flame cauterises the wound!
You hit the four-headed hydra. You burn the four-headed hydra.
The four-headed hydra is moderately wounded.
The four-headed hydra bites you but does no damage.
The four-headed hydra closely misses you.
The four-headed hydra bites you but does no damage. x2
You lop one of the four-headed hydra's heads off!
The flame cauterises the wound!
You slash the three-headed hydra! You burn the three-headed hydra.
The three-headed hydra is heavily wounded.
The three-headed hydra closely misses you.
The three-headed hydra bites you!
* * * LOW HITPOINT WARNING * * *
The three-headed hydra barely misses you.
You hit the three-headed hydra. You burn the three-headed hydra.
The three-headed hydra is heavily wounded.
The three-headed hydra bites you but does no damage.
The three-headed hydra bites you!
* * * LOW HITPOINT WARNING * * *
The three-headed hydra bites you but does no damage.
You slice one of the three-headed hydra's heads off!
The flame cauterises the wound!
You slash the two-headed hydra! You burn the two-headed hydra.
The two-headed hydra is severely wounded.
The two-headed hydra misses you. x2
You slice one of the two-headed hydra's heads off!
The flame cauterises the wound!
You hit the one-headed hydra. You burn the one-headed hydra.
The one-headed hydra is severely wounded.
The one-headed hydra bites you.
* * * LOW HITPOINT WARNING * * *
You hack the one-headed hydra's last head off!
You kill the one-headed hydra!
Your magical essence is drained by the effort!
You feel much better.
You feel much better.
You hear the slow hiss of a distant avalanche of sand.
The killer bee zombie hits you.
The killer bee zombie completely misses you.
You completely miss the killer bee zombie.
The killer bee zombie hits you.
You slash the killer bee zombie! You burn the killer bee zombie.
The killer bee zombie is heavily damaged.
The killer bee zombie closely misses you. x2
You closely miss the killer bee zombie.
The killer bee zombie is heavily damaged.
The killer bee zombie misses you. The killer bee zombie hits you.
You hit the killer bee zombie. You burn the killer bee zombie.
The killer bee zombie is severely damaged.
The killer bee zombie closely misses you.
The killer bee zombie misses you.
You closely miss the killer bee zombie.
The killer bee zombie is severely damaged.
The killer bee zombie hits you but does no damage.
You block the killer bee zombie's attack.
You barely miss the killer bee zombie.
The killer bee zombie is severely damaged.
The killer bee zombie barely misses you.
You slash the killer bee zombie! You burn the killer bee zombie.
You destroy the killer bee zombie!
No target in view!
Items here: ) [ ††.
You see here a bullfrog corpse.
n - 7 fizzy red potions (gained 1)
A howler monkey zombie comes into view.
A howler monkey zombie is nearby!
A howler monkey zombie is nearby!
A howler monkey zombie is nearby!
No target in view!
No target in view!
No target in view!
No target in view!
Found a pair of gloves.
No target in view!
No target in view!
No target in view!
A bullfrog comes into view.
Found 13 gold pieces.
The bullfrog gives a loud, deep croak!
You slash the bullfrog! You burn the bullfrog.
The bullfrog is severely wounded.
The bullfrog closely misses you. The bullfrog hits you.
You barely miss the bullfrog.
The bullfrog is severely wounded.
The bullfrog closely misses you.
You barely miss the bullfrog.
The bullfrog is severely wounded.
You block the bullfrog's attack.
The bullfrog hits you but does no damage.
You slice the bullfrog!! You burn the bullfrog.
You kill the bullfrog!
You slice the howler monkey zombie!! You burn the howler monkey zombie.
The howler monkey zombie is almost destroyed.
You block the howler monkey zombie's attack.
You slash the howler monkey zombie! You burn the howler monkey zombie.
You destroy the howler monkey zombie!
No target in view!
You see here a bullfrog corpse.
You now have 256 gold pieces (gained 13).
q - 66 poisoned darts (gained 14) No target in view!
No target in view!
A black bear comes into view.
A water moccasin comes into view.
The black bear growls angrily.
The water moccasin hisses angrily.
An orc priest comes into view. It is wielding a +0 hand axe.
The water moccasin misses you.
You slice the water moccasin!! You burn the water moccasin.
The water moccasin is severely wounded.
You hit the black bear. You burn the black bear. The water moccasin bites you.
The black bear bites you! You block the black bear's attack.
The black bear claws you but does no damage.
A sky beast comes into view.
You slash the water moccasin! You burn the water moccasin.
You kill the water moccasin!
You completely miss the black bear.
You hear the hiss of a very distant avalanche of sand.
The black bear bites you. The black bear misses you. The black bear claws you.
You closely miss the black bear.
The black bear is lightly wounded.
You hit the sky beast. You burn the sky beast.
The black bear closely misses you. x2; The black bear misses you.
The sky beast flickers out of sight!
Deactivating autopickup; reactivate with Ctrl-A.
Something barely misses you.
You slice the black bear!! You burn the black bear.
You kill the black bear!
You hit something but do no damage.
A kobold brigand comes into view.
It is wielding a +0 club and quivering curare-tipped darts.
Something hits you but does no damage.
The kobold brigand shouts!
You hit something. You burn something.
The kobold brigand throws a curare-tipped dart.
Something hits you but does no damage.
You closely miss something.
A howler monkey zombie comes into view.
You miss something.
A sky beast appears from thin air!
Reactivating autopickup.
The sky beast hits you. The sky beast shocks you.
You slash the sky beast! You burn the sky beast.
You kill the sky beast!
Your Invocations skill increases to level 5!
You closely miss the kobold brigand.
The kobold brigand hits you but does no damage.
You hit the kobold brigand. You burn the kobold brigand.
The kobold brigand is lightly wounded.
You block the kobold brigand's attack.
The orc priest looks braver for a moment.
You hit the kobold brigand. You burn the kobold brigand.
The kobold brigand is heavily wounded.
The kobold brigand hits you but does no damage.
You closely miss the kobold brigand.
The kobold brigand is heavily wounded.
The kobold brigand hits you with a +0 club.
You barely miss the kobold brigand.
The kobold brigand is heavily wounded.
The kobold brigand hits you with a +0 club.
You completely miss the kobold brigand.
The kobold brigand is moderately wounded.
The kobold brigand hits you with a +0 club.
You barely miss the kobold brigand.
The kobold brigand is moderately wounded.
The kobold brigand hits you but does no damage.
You closely miss the kobold brigand.
The kobold brigand is moderately wounded.
The kobold brigand misses you.
You slash the kobold brigand! You burn the kobold brigand.
The kobold brigand is severely wounded.
You slash the kobold brigand! You burn the kobold brigand.
You kill the kobold brigand!
You slash the orc priest! You burn the orc priest.
You kill the orc priest!
You closely miss the howler monkey zombie.
The howler monkey zombie barely misses you.
You slash the howler monkey zombie! You burn the howler monkey zombie!
You destroy the howler monkey zombie!
No target in view!
No target in view!
Q - a curare-tipped dart
Items here: )) ††.
You can now provide lesser healing for yourself.
You can now call on Elyvilon to save your life.
You hear the hiss of a very distant avalanche of sand.
A centaur is nearby!
The centaur shouts!
You hear a shout!
You hit the centaur. You burn the centaur.
The centaur is lightly wounded.
The centaur barely misses you.
The centaur kicks you but does no damage.
The centaur closely misses you.
The centaur kicks you but does no damage.
A tengu warrior comes into view.
It is wielding a +0 bardiche and carrying a wand of digging (5).
You slash the centaur! You burn the centaur.
The centaur is severely wounded.
The centaur misses you.
The centaur kicks you but does no damage.
You slash the centaur! You burn the centaur.
You kill the centaur!
The tengu warrior drinks a potion.
The tengu warrior flickers and vanishes!
Deactivating autopickup; reactivate with Ctrl-A.
No target in view!
No target in view!
You hear a zap.
You hear a grinding noise.
Okay, then.
Okay, then.
You fade into invisibility!
You are very lightly contaminated with residual magic.
An eight-headed hydra comes into view.
You hear the brisk hiss of a distant avalanche of sand.
You barely miss the eight-headed hydra.
The eight-headed hydra roars!
The eight-headed hydra bites you. The eight-headed hydra misses you. x3
The eight-headed hydra closely misses you.
The eight-headed hydra bites you!
The eight-headed hydra closely misses you.
The eight-headed hydra misses you.
You lop one of the eight-headed hydra's heads off!
The flame cauterises the wound!
You slash the seven-headed hydra! You burn the seven-headed hydra.
The seven-headed hydra is moderately wounded.
The seven-headed hydra bites you!
You block the seven-headed hydra's attack.
The seven-headed hydra bites you!
* * * LOW HITPOINT WARNING * * *
The seven-headed hydra barely misses you.
The seven-headed hydra bites you!
* * * LOW HITPOINT WARNING * * *
The seven-headed hydra barely misses you.
You block the seven-headed hydra's attack.
You slice one of the seven-headed hydra's heads off!
The flame cauterises the wound!
You slice the six-headed hydra!! You burn the six-headed hydra.
The six-headed hydra is severely wounded.
The six-headed hydra bites you.
* * * LOW HITPOINT WARNING * * *
The six-headed hydra bites you but does no damage.
You block the six-headed hydra's attack.
The six-headed hydra misses you. x2
The six-headed hydra bites you but does no damage.
Your leather armour prevents you from hitting the six-headed hydra.
The six-headed hydra is severely wounded.
You block the six-headed hydra's attack.
The six-headed hydra closely misses you. x2
The six-headed hydra completely misses you.
The six-headed hydra bites you!
* * * LOW HITPOINT WARNING * * *
The six-headed hydra misses you. You block the tengu warrior's attack.
The tengu warrior hits you from afar with a +0 bardiche!!
You die...

.#.# #.##.####)###..#
.,..#.#,, ##.##.†..#..##..#
...,#..#####..##..#....##..#
...,##.......######.#####.##
....#####.#########.#####.#
.............†............###
.............#####..........#
...........#......÷<........#
..........###).D@..........##
....#####.....Q.............#
#.. , #...................#
## , #.....#..............###
, *,##...##........#.....# ,
###..##########....## , ###*
###### , , * , * * * ,, *


You could see a six-headed hydra and a tengu warrior.

Vanquished Creatures
  A hydra (D:8)
  Joseph (D:7)
  Maggie (D:6)
  An unseen horror (D:6)
  A hornet (D:8)
  Grinder (D:6)
  A yak (D:8)
  A wyvern (D:7)
  A steam dragon (D:8)
  Menkaure (D:5)
  3 water moccasins (D:8)
  A black bear (D:8)
  A sky beast (D:8)
  A necrophage (D:4)
  2 ogres
  A centaur (D:8)
  3 kobold brigands
  A wyvern zombie (D:8)
  3 scorpions
  4 bullfrogs
  A water moccasin skeleton (D:6)
  4 killer bees
  A centaur zombie (D:8)
  5 jellies
  2 centaur skeletons (D:6)
  5 hounds
  2 bullfrog skeletons
  5 orc priests
  4 orc wizards
  3 iguanas
  A killer bee zombie (D:8)
  2 hound skeletons (D:4)
  2 howler monkey zombies (D:8)
  A gnoll (D:4)
  10 adders
  A shadow imp (D:7)
  2 ufetubi
  A worm (D:5)
  3 dart slugs
  14 orcs
  9 ball pythons
  11 bats
  10 endoplasms
  6 giant cockroaches
  7 goblins
  8 hobgoblins
  3 jackals (D:2)
  4 quokkas
  2 frilled lizards (D:1)
  19 kobolds
  A kobold skeleton (D:7)
  6 rats
185 creatures vanquished.

Vanquished Creatures (others)
  7 fungi (D:5)
  11 toadstools (D:5)
18 creatures vanquished.

Grand Total: 203 creatures vanquished

Notes
Turn   | Place    | Note
-------+----------+-------------------------------------------
     0 | D:1      | sleeves the Deep Dwarf Gladiator began the quest for the
                  | Orb.
     0 | D:1      | Reached XP level 1. HP: 19/19 MP: 1/1
    74 | D:1      | Reached XP level 2. HP: 21/26 MP: 2/2
    82 | D:1      | Reached skill level 4 in Axes
   987 | D:2      | HP: 13/26 [frozen (2)]
  1013 | D:2      | Reached XP level 3. HP: 14/32 MP: 3/3
  1051 | D:2      | HP: 12/32 [adder (2)]
  1063 | D:2      | HP: 10/32 [adder (1)]
  1158 | D:2      | Reached skill level 5 in Axes
  1478 | D:2      | Reached XP level 4. HP: 30/39 MP: 3/3
  1716 | D:3      | Found a glowing golden altar of the Shining One.
  1826 | D:3      | Noticed a scorpion
  1833 | D:3      | Killed a scorpion
  1834 | D:3      | Reached skill level 6 in Axes
  1834 | D:3      | Reached XP level 5. HP: 25/45 MP: 4/4
  1977 | D:3      | Found a shimmering blue altar of Sif Muna.
  2489 | D:3      | HP: 22/45 [adder (2)]
  2757 | D:4      | Noticed an ogre
  2819 | D:4      | Noticed a necrophage
  2819 | D:4      | Found a hazy altar of Hepliaklqana.
  2824 | D:4      | HP: 20/45 [necrophage (2)]
  2829 | D:4      | HP: 19/43 [necrophage (1)]
  2831 | D:4      | Killed a necrophage
  2832 | D:4      | Reached skill level 7 in Axes
  2832 | D:4      | Reached XP level 6. HP: 22/52 MP: 5/5
  2844 | D:4      | Found an ancient bone altar of Kikubaaqudgha.
  3448 | D:4      | Reached skill level 8 in Axes
  3448 | D:4      | Reached skill level 1 in Shields
  3544 | D:5      | Entered Level 5 of the Dungeon
  3545 | D:5      | Found an iron altar of Okawaru.
  3643 | D:5      | Reached skill level 2 in Shields
  3673 | D:5      | Reached XP level 7. HP: 47/58 MP: 5/5
  3768 | D:5      | Reached skill level 3 in Shields
  3917 | D:5      | Found a burning altar of Makhleb.
  4045 | D:5      | Noticed a slime creature
  4045 | D:5      | Noticed a slime creature
  4045 | D:5      | Noticed a slime creature
  4058 | D:5      | HP: 28/58 [acid (6)]
  4081 | D:4      | HP: 18/58 [acid (1)]
  4134 | D:6      | Noticed Maggie
  4136 | D:6      | Noticed Grinder
  4140 | D:6      | HP: 28/58 [Maggie (12)]
  4141 | D:6      | Killed Grinder
  4142 | D:6      | Reached skill level 9 in Axes
  4142 | D:6      | Reached skill level 4 in Shields
  4145 | D:6      | HP: 25/58 [killer bee (3)]
  4147 | D:6      | Killed Maggie
  4148 | D:6      | Reached skill level 10 in Axes
  4148 | D:6      | Reached XP level 8. HP: 24/66 MP: 6/6
  4150 | D:6      | HP: 21/66 [killer bee (3)]
  4151 | D:6      | HP: 9/66 [killer bee (4)]
  4158 | D:6      | Reached skill level 11 in Axes
  4243 | D:5      | Noticed Menkaure
  4249 | D:5      | Killed Menkaure
  4250 | D:5      | Reached skill level 2 in Throwing
  4250 | D:5      | Reached skill level 1 in Evocations
  4328 | D:5      | Found a blossoming altar of Fedhas.
  4411 | D:5      | Reached skill level 2 in Evocations
  4420 | D:5      | Found a stormy altar of Qazlal.
  4577 | D:6      | HP: 33/66 [something (1)]
  4587 | D:5      | HP: 31/66 [acid (2)]
  4612 | D:6      | HP: 32/66 [something (3)]
  4620 | D:6      | HP: 31/66 [something (1)]
  4625 | D:6      | HP: 26/66 [something (1)]
  4633 | D:6      | Killed an unseen horror
  4634 | D:6      | Reached skill level 3 in Throwing
  4634 | D:6      | Reached skill level 3 in Evocations
  4649 | D:6      | Gained mutation: You passively map the area around you.
                  | [Deep Dwarf growth]
  4649 | D:6      | Reached XP level 9. HP: 45/73 MP: 7/7
  4800 | D:6      | Reached skill level 4 in Evocations
  5021 | D:6      | HP: 35/73 [centaur skeleton (3)]
  5222 | D:6      | Found a broken altar of Ashenzari.
  5308 | D:7      | HP: 34/73 [orc priest (1)]
  5426 | D:7      | Found a runed translucent door.
  5439 | D:7      | Found a basalt altar of Yredelemnul.
  5528 | D:7      | Reached skill level 4 in Throwing
  5528 | D:7      | Reached skill level 5 in Evocations
  5654 | D:7      | Found Ocrit's Assorted Antiques.
  5736 | D:7      | Reached skill level 12 in Axes
  5744 | D:7      | Found a staircase to the Ecumenical Temple.
  5837 | Temple   | Entered the Ecumenical Temple
  5941 | Temple   | Became a worshipper of Elyvilon the Healer
  5992 | D:7      | Noticed Joseph
  6005 | D:7      | HP: 31/68 [Joseph (12)]
  6013 | D:7      | HP: 28/66 [Joseph (1)]
  6015 | D:7      | Killed Joseph
  6016 | D:7      | Reached skill level 1 in Invocations
  6016 | D:7      | Reached skill level 6 in Evocations
  6143 | D:7      | Reached skill level 2 in Invocations
  6210 | D:8      | Reached skill level 5 in Throwing
  6210 | D:8      | Reached skill level 3 in Invocations
  6227 | D:8      | HP: 36/73 [steam dragon/ball of steam (1)]
  6263 | D:8      | HP: 30/73 [killer bee (3)]
  6267 | D:8      | Reached skill level 7 in Evocations
  6267 | D:8      | Reached XP level 10. HP: 32/80 MP: 10/10
  6268 | D:8      | HP: 31/80 [killer bee (1)]
  6270 | D:8      | Reached skill level 4 in Invocations
  6297 | D:8      | Noticed a six-headed hydra
  6306 | D:8      | HP: 39/80 [three-headed hydra (8)]
  6310 | D:8      | Killed a one-headed hydra
  6375 | D:8      | Reached skill level 5 in Invocations
  6400 | D:8      | Reached * piety under Elyvilon
  6449 | D:8      | Noticed a tengu warrior
  6467 | D:8      | Noticed an eight-headed hydra
  6473 | D:8      | HP: 35/80 [seven-headed hydra (10)]
  6475 | D:8      | HP: 16/80 [six-headed hydra (5)]
  6485 | D:8      | Slain by a tengu warrior

Illustrated notes

Levels and vault maps discovered:
D:1:      dpeg_arrival_boxes_within_box, layout_basic
D:2:      layout_loops_ring
D:3:      layout_loops_ring, mainiacjoe_overflow_alcove_2, tso_metal_star,
          chequers_arboretum, glass_columns_a,
          wander_ebering_terrifying_dragon_lair
D:4:      layout_cave_pods, mainiacjoe_overflow_large_starburst,
          hangedman_feature_mirror
D:5:      cheibrodos_fertilizer, layout_gridville, lemuel_round_altar,
          mainiacjoe_overflow_concentric_impassable, overflow_temple_1_default,
          lemuel_doored_altar, corexii_checkpoint_a, uniq_menkaure
D:6:      layout_rooms, general_overflow_altar, hangedman_decor_slide_cut,
          hex_intersection, uniq_maggie, uniq_grinder
D:7:      cheibrodos_iron_armory, layout_basic, dk_yredelemnul_ordeal,
          minmay_temple_entry_poolview, serial_shops, nicolae_stop_n_shop_2,
          uniq_joseph
D:8:      layout_cave_pools, enter_ossuary_5, hangedman_glass_teeth,
          minmay_the_grid_2x2 [minmay_the_grid_embedded,
          minmay_the_grid_small_cups, minmay_the_grid_rooms,
          minmay_the_grid_prize_inner_circle]
Temple:   compressed_dpeg_circular_temple

Skill      XL: |  1  2  3  4  5  6  7  8  9 10 |
---------------+-------------------------------+-----
Axes           | 4 5 6 7 8 10 11 12 | 12.8
Shields        | 2 4 |  4.0
Throwing       | 3 5 |  5.8
Evocations     | 3 7 |  7.8
Invocations    | 3 5 |  5.2
Fighting       | |  1.7
Dodging        | |  3.2

Action                   |  1- 3 |  4- 6 |  7- 9 | 10-12 || total
-------------------------+-------+-------+-------+-------++-------
Melee: War axe           |   124 |   129 |    61 |       ||   314
       Broad axe         |       |       |   193 |    50 ||   243
Throw: Stone             |    35 |   103 |    25 |       ||   163
       Throwing net      |       |     1 |     5 |       ||     6
       Dart              |       |       |    15 |     1 ||    16
       Boomerang         |       |       |     7 |     1 ||     8
 Abil: Heal Wounds       |     1 |     2 |    10 |     3 ||    16
Evoke: Wand              |       |       |     8 |       ||     8
  Use: Potion            |       |       |     1 |     1 ||     2
 Stab: Held in net/web   |       |     1 |     2 |       ||     3
       Sleeping          |       |       |     1 |       ||     1
Armor: Leather armour    |     4 |     7 |    92 |    20 ||   123
       Ring mail         |    47 |    35 |       |       ||    82
Dodge: Dodged            |    86 |   114 |   168 |    41 ||   409
Block: Buckler           |       |       |    42 |    11 ||    53

Table legend: (Time is in decaauts)
 A = Elapsed time spent in this place.
 B = Non-inter-level travel time spent in this place.
 C = Inter-level travel time spent in this place.
 D = Time resting spent in this place.
 E = Time spent auto-exploring this place.
 F = Levels seen in this place.
 G = Mean time per level.
                   A        B        C        D        E       F      G
               +--------+--------+--------+--------+--------+-----+--------+
         Total |   6539 |   6198 |    341 |      6 |   4417 |   9 |  726.6 |
       Dungeon |   6420 |   6123 |    297 |      6 |   4351 |   8 |  802.5 |
        Temple |    119 |     76 |     43 |      0 |     66 |   1 |  119.0 |
               +--------+--------+--------+--------+--------+-----+--------+

Top non-repeatable levels by time:
     D:1: 964 daAuts
     D:5: 956 daAuts
     D:3: 955 daAuts
     D:4: 947 daAuts
     D:2: 777 daAuts
     D:6: 756 daAuts
     D:7: 746 daAuts
     D:8: 317 daAuts
  Temple: 119 daAuts
